Map: Overgrowth LE (Void)

Players

Drager

  • Race: Protoss Protoss
  • Spawn Location: 1:00

Erik - Winner!

  • Race: Zerg Zerg
  • Spawn Location: 7:00

Event: WESG 2016 Finals

VOD

Have the link to the VOD?

Description

Time

  • Played on: Jan. 12, 2017, 4:57 a.m.
  • Length: 10:15

All games in this series

Show
View Real Time Build Order
Export as new Build Order

Drager Protoss 

Build Orders: Nexus First, Oracle Opening, Carrier Rush 

Get SALT Encoding   

  12  0:00  Probe (Chrono Boost)  
  13  0:11  Probe (Chrono Boost)  
  14  0:18  Pylon  
  14  0:22  Probe (Chrono Boost)  
  15  0:36  Probe (Chrono Boost)  
  16  0:47  Probe (Chrono Boost)  
  17  0:56  Nexus  
  17  1:06  Gateway  
  17  1:10  Probe (Chrono Boost)  
  18  1:14  Assimilator  
  18  1:20  Probe (Chrono Boost)  
  18  1:22  Assimilator  
  19  1:31  Probe (Chrono Boost)  
  20  1:34  Pylon  
  20  1:41  Probe (Chrono Boost)  
  21  1:55  Cybernetics Core  
  21  1:57  Probe (Chrono Boost)  
  21  2:01  Zealot  
  24  2:07  Probe (Chrono Boost)  
  25  2:10  Probe (Chrono Boost)  
  25  2:18  Probe (Chrono Boost)  
  25  2:20  Probe (Chrono Boost)  
  27  2:28  Probe (Chrono Boost)  
  27  2:29  Stalker  
  28  2:32  Stargate  
  31  2:38  Probe (Chrono Boost)  
  31  2:41  Probe (Chrono Boost)  
  32  2:47  Warp Gate  
  32  2:50  Probe (Chrono Boost)  
  34  2:51  Probe (Chrono Boost)  
  34  3:02  Probe x2 (Chrono Boost)  
  36  3:11  Oracle  
  36  3:13  Probe (Chrono Boost)  
  36  3:14  Probe (Chrono Boost)  
  36  3:19  Pylon  
  40  3:24  Probe (Chrono Boost)  
  40  3:25  Probe (Chrono Boost)  
  42  3:29  Pylon  
  42  3:32  Assimilator x2  
  42  3:35  Probe (Chrono Boost)  
  42  3:37  Probe (Chrono Boost)  
  44  3:44  Pylon  
  44  3:45  Probe (Chrono Boost)  
  46  3:50  Probe (Chrono Boost)  
  46  3:53  Fleet Beacon  
  46  3:56  Probe (Chrono Boost)  
  46  4:02  Probe (Chrono Boost)  
  48  4:03  Stargate  
  48  4:06  Probe (Chrono Boost)  
  48  4:07  Pylon  
  49  4:14  Probe (Chrono Boost)  
  51  4:17  Probe (Chrono Boost)  
  51  4:26  Probe (Chrono Boost)  
  51  4:27  Probe (Chrono Boost)  
  50  4:33  Carrier  
  50  4:37  Carrier  
  50  4:39  Pylon  
  62  4:53  Zealot  
  62  4:58  Pylon  
  62  4:59  Pylon  
  64  5:02  Pylon  
  64  5:03  Pylon  
  64  5:04  Pylon  
  62  5:09  Probe (Chrono Boost)  
  62  5:10  Probe (Chrono Boost)  
  62  5:12  Gateway  
  62  5:21  Probe (Chrono Boost)  
  62  5:26  Probe (Chrono Boost)  
  62  5:28  Adept  
  64  5:34  Mothership Core (Chrono Boost)  
  61  5:50  Carrier  
  61  5:52  Carrier  
  61  5:53  Probe (Chrono Boost)  
  65  6:08  Probe (Chrono Boost)  
  65  6:10  Probe (Chrono Boost)  
  63  6:24  Probe (Chrono Boost)  
  63  6:27  Pylon  
  64  6:33  Probe (Chrono Boost), Pylon  
  64  6:36  Probe (Chrono Boost)  
  65  6:45  Probe (Chrono Boost)  
  62  6:48  Probe (Chrono Boost)  
  61  6:54  Adept  
  61  6:58  Probe (Chrono Boost)  
  61  7:00  Probe (Chrono Boost)  
  66  7:10  Probe (Chrono Boost)  
  66  7:12  Probe (Chrono Boost)  
  66  7:15  Carrier  
  67  7:17  Nexus  
  67  7:21  Pylon  
  67  7:22  Probe (Chrono Boost)  
  74  7:25  Probe (Chrono Boost)  
  74  7:29  Zealot  
  77  7:34  Probe (Chrono Boost)  
  77  7:37  Probe (Chrono Boost)  
  78  7:40  Void Ray  
  78  7:49  Probe (Chrono Boost)  
  83  7:54  Graviton Catapult  
  83  7:56  Zealot, Probe (Chrono Boost)  
  86  8:02  Probe (Chrono Boost)  
  87  8:17  Void Ray  
  87  8:24  Pylon  
  91  8:35  Void Ray  
  91  8:39  Probe (Chrono Boost)  
  91  8:40  Probe (Chrono Boost)  
  97  8:53  Zealot  
  97  8:54  Zealot, Void Ray  
  99  9:12  Void Ray  
  97  9:28  Zealot x2  
  94  9:41  Probe x2 (Chrono Boost)  
  86  9:56  Pylon  
Show
View Real Time Build Order
Export as new Build Order

Erik Zerg - Winner!

Build Orders: Pool First 

Get SALT Encoding   

  12  0:01  Drone  
  13  0:13  Overlord  
  13  0:17  Drone  
  14  0:31  Drone  
  14  0:32  Drone  
  16  0:38  Drone, Extractor  
  16  0:48  Spawning Pool  
  16  0:49  Drone  
  16  0:57  Drone  
  17  1:18  Hatchery  
  16  1:21  Drone  
  17  1:35  Queen, Zergling x2  
  20  1:41  Metabolic Boost  
  20  1:45  Drone  
  21  1:49  Drone  
  22  1:56  Overlord  
  22  2:14  Queen  
  24  2:17  Drone x2  
  26  2:23  Drone  
  28  2:30  Drone  
  28  2:31  Queen  
  28  2:35  Drone  
  31  2:47  Hatchery  
  31  2:48  Drone  
  32  2:51  Drone  
  32  2:56  Drone x2  
  33  3:06  Overlord  
  33  3:08  Drone x2  
  33  3:09  Drone  
  36  3:21  Evolution Chamber  
  36  3:22  Overlord  
  36  3:26  Drone x5  
  40  3:32  Drone  
  41  3:35  Spore Crawler x2  
  41  3:36  Drone  
  40  3:43  Drone, Baneling Nest  
  40  3:44  Drone  
  40  3:46  Drone  
  40  3:47  Extractor  
  41  3:55  Drone x2  
  43  3:59  Queen  
  45  4:05  Zergling x2  
  45  4:06  Zergling x4  
  45  4:07  Zergling x2  
  49  4:13  Zergling x2  
  49  4:14  Zergling x6  
  53  4:21  Drone x2  
  54  4:30  Drone x2, Spore Crawler  
  55  4:35  Drone x2  
  57  4:40  Overlord x2  
  57  4:41  Roach Warren  
  56  4:46  Lair  
  56  4:52  Drone x2  
  58  4:57  Overlord x2  
  55  5:10  Zergling x22  
  55  5:11  Zergling x2  
  66  5:18  Zergling x6  
  69  5:22  Zerg Missile Weapons Level 1  
  69  5:24  Drone, Extractor  
  69  5:25  Extractor  
  69  5:27  Drone x2  
  69  5:33  Drone  
  68  5:35  Queen x2  
  68  5:38  Drone x2  
  74  5:45  Baneling x6  
  74  5:46  Baneling x4  
  74  5:48  Zergling x6  
  77  5:53  Drone  
  77  5:54  Drone x3  
  77  5:55  Drone  
  80  5:57  Drone x3  
  80  5:58  Drone  
  82  6:11  Queen x2  
  77  6:15  Queen  
  77  6:17  Nydus Network  
  77  6:31  Drone x3  
  77  6:32  Overlord  
  80  6:34  Drone  
  80  6:37  Overlord  
  81  6:45  Hatchery  
  81  6:46  Queen  
  79  6:47  Queen  
  79  6:50  Queen  
  82  6:55  Zergling x2  
  82  6:56  Zergling x24  
  95  7:02  Drone x4  
  95  7:03  Drone  
  95  7:08  Hydralisk Den  
  99  7:12  Nydus Canal  
  98  7:17  Zerg Missile Weapons Level 2  
  98  7:22  Queen x2  
  102  7:35  Spore Crawler  
  102  7:36  Spore Crawler  
  98  7:43  Spore Crawler  
  92  7:45  Spore Crawler  
  92  7:46  Queen  
  92  7:49  Spore Crawler  
  92  7:58  Queen  
  91  8:01  Hydralisk x8, Muscular Augments  
  91  8:02  Hydralisk  
  107  8:16  Hydralisk x3  
  107  8:19  Overlord x2  
  109  8:46  Hydralisk x9  
  123  9:00  Hydralisk x2  
  127  9:03  Overlord x4  
  125  9:16  Drone x3  
  125  9:17  Drone x2  
  119  9:27  Hydralisk x6  
  119  9:42  Hydralisk x3  
  129  9:45  Overlord  
  129  9:50  Drone x5, Extractor  
  129  9:51  Drone x2  
  129  9:52  Drone  
  134  9:53  Drone x8, Extractor  
  134  9:55  Extractor x2  
Tags
 
Add a new tag
Caveats
  • Supply blocks, unpowered buildings, or Contaminate may cause inaccurate times.
  • Supply counts are checked every 10 seconds.